 Dungeon Crawl Stone Soup version 0.26-a0-646-g5d7718319a (webtiles) character file.

Game seed: 4902836695092439631

150 DogServant the Grave Robber (level 5, -7/29 HPs)
             Began as a Tengu Necromancer on Sept 24, 2020.
             Killed from afar by an orc (20 damage)
             ... with an exploding inner flame
             ... hexed by the player character
             ... on level 3 of the Dungeon.
             The game lasted 00:09:07 (3121 turns).

DogServant the Grave Robber (Tengu Necromancer)     Turns: 3121, Time: 00:09:08

Health: -7/29      AC:  4    Str: 10    XL:     5   Next: 32%
Magic:  7/10       EV: 17    Int: 15    God:
Gold:   167        SH:  0    Dex: 14    Spells: 5/10 levels left

rFire    + . .     SeeInvis .   s - +2 dagger (elec)
rCold    . . .     Faith    .   (no shield)
rNeg     . . .     Spirit   .   a - +1 robe
rPois    .         Reflect  .   (helmet restricted)
rElec    .         Harm     .   o - +0 cloak
rCorr    .         Rampage  .   (no gloves)
MR       .....                  (boots unavailable)
Stlth    ++........             (no amulet)
HPRegen  0.09/turn              t - +4 ring of evasion
MPRegen  0.12/turn              u - ring of protection from fire

@: no status effects
A: beak, talons 3, able to fly
a: Fly


You were on level 3 of the Dungeon.
You visited 1 branch of the dungeon, and saw 3 of its levels.

You collected 167 gold pieces.

Inventory:

Hand Weapons
 d - a +0 dagger
 e - a +0 short sword of freezing
 s - a +2 dagger of electrocution (weapon)
Missiles
 b - 19 poisoned darts (quivered)
Armour
 a - a +1 robe (worn)
 f - a +0 ring mail
 o - a +0 cloak (worn)
Jewellery
 t - a +4 ring of evasion (left hand)
 u - a ring of protection from fire (right hand)
 w - an uncursed ring of positive energy
Scrolls
 n - 3 scrolls of remove curse
Potions
 i - a potion of resistance
 j - a potion of stabbing {unknown}
 k - a potion of might {unknown}
 l - 2 potions of ambrosia {unknown}
 p - 3 potions of flight {unknown}
 q - a potion of degeneration {unknown}


   Skills:
 + Level 1.5 Fighting
 + Level 1.3 Short Blades
 - Level 1.0 Armour
 - Level 3.1 Dodging
 - Level 2.0 Stealth
 + Level 3.1 Spellcasting
 - Level 5.0 Necromancy


You had 5 spell levels left.
You knew the following spells:

 Your Spells              Type           Power        Failure   Level
a - Pain                  Necr           ###.         2%          1
b - Animate Skeleton      Necr           ###...       2%          1
c - Vampiric Draining     Necr           ###.......   8%          3

Your spell library contained the following spells:

 Spells                   Type           Power        Failure   Level
 Animate Dead             Necr           ###.......   24%         4
 Agony                    Necr           ###.....     56%         5


Dungeon Overview and Level Annotations

Branches:
Dungeon (3/15)

Altars:

Annotations:
D:3 3 runed translucent doors, DogServant's ghost, weakling TeSu; PirateVox's ghost, amateur HaHu; angryZebra's ghost, weakling DsNe; chipmonk's ghost, amateur MiGl; stillor's ghost, amateur DEWz


Innate Abilities, Weirdness & Mutations

You have a beak for a mouth.
You have claws for feet.
You can fly continuously.


Message History

Unknown command.
Casting: Animate Skeleton (safe; 2% risk of failure)
Confirm with . or Enter, or press ? or * to list all spells.
The spell is quite dangerous to cast (8% risk of failure)!
Continue anyway?
Aiming: Vampiric Draining (quite dangerous; 8% risk of failure)
Press: ? - help, Shift-Dir - straight line, f - orc
Aim: an orc, wielding a +0 club and wearing a +0 scale mail (inner flame) Flame seeps out of the orc.
The orc is almost dead.
You feel life coursing into your body.
The orc is engulfed in blazing flames.
The orc explodes!
The fiery explosion engulfs you! You resist.
The fiery explosion engulfs the orc priest!!!
The orc priest explodes!
Your Short Blades skill increases to level 1!
The fiery explosion engulfs the orc!!
The orc explodes!
The fiery explosion engulfs you!! You resist.
Ouch! That really hurt!
You die...

.....#o#..###.# #.######.###...
....o#..o....# ##...)#...##...
###.#####.###o##
##...#......#... #
#.#####o####.###......#)..###..
.............o#..........###.##
##############.#......##).#.##
##§§...#.##.#.####
###○#####.##.#...).
#.@§###.......#####
#..r§.#.#####)# #...#.#.# #####
#####..#...####?8.=##
#...#..###.##.#....8#
#......##..##.#.....$
#...##.##=....+.....$
###.###.##.##..+.....8
#.......##.###.+W.....


You could see a rat (inner flame).

Vanquished Creatures
  An orc priest (D:3)
  A worker ant (D:2)
  An adder (D:2)
  An ooze (D:1)
  A worm (D:3)
  3 dart slugs
  A leopard gecko (D:3)
  5 orcs (D:3)
  A ball python (D:1)
  2 giant cockroaches
  4 goblins
  8 hobgoblins
  6 jackals
  9 kobolds
  11 bats
  5 frilled lizards
  5 rats
65 creatures vanquished.

Notes
Turn   | Place    | Note
-------+----------+-------------------------------------------
     0 | D:1      | DogServant the Tengu Necromancer began the quest for the
                  | Orb.
     0 | D:1      | Reached XP level 1. HP: 10/10 MP: 4/4
    71 | D:1      | Reached XP level 2. HP: 7/15 MP: 1/6
   310 | D:1      | Learned a level 1 spell: Animate Skeleton
   836 | D:1      | Reached XP level 3. HP: 16/19 MP: 3/7
  1616 | D:2      | Learned a level 3 spell: Vampiric Draining
  1661 | D:2      | Reached XP level 4. HP: 11/24 MP: 2/9
  1820 | D:2      | Reached skill level 5 in Necromancy
  2258 | D:2      | Reached skill level 1 in Armour
  2543 | D:3      | Reached skill level 1 in Fighting
  2752 | D:3      | Found a runed translucent gate.
  2752 | D:3      | Found a runed translucent gate.
  2752 | D:3      | Found a runed translucent gate.
  2752 | D:3      | Noticed chipmonk's ghost (amateur MiGl)
  2753 | D:3      | Noticed stillor's ghost (amateur DEWz)
  2754 | D:3      | Noticed PirateVox's ghost (amateur HaHu)
  2754 | D:3      | Noticed DogServant's ghost (weakling TeSu)
  2755 | D:3      | Noticed angryZebra's ghost (weakling DsNe)
  2916 | D:3      | Gained mutation: You can fly continuously. [Tengu growth]
  2916 | D:3      | Reached XP level 5. HP: 29/29 MP: 10/10
  3121 | D:3      | Reached skill level 1 in Short Blades
  3121 | D:3      | Killed from afar by an orc

Illustrated notes

Levels and vault maps discovered:
D:1:      ebering_trefoil_3fold, layout_loops_corners
D:2:      layout_loops_cross
D:3:      layout_loops_ring, gammafunk_ghost_cemetery

Skill      XL: |  1  2  3  4  5 |
---------------+----------------+-----
Dodging        | 3 |  3.1
Necromancy     | 5 |  5.0
Armour         | 1 |  1.0
Fighting       | 1 |  1.5
Spellcasting   | 3 |  3.1
Short Blades   | 1 |  1.3
Stealth        | |  2.0

Action                   |  1- 3 |  4- 6 || total
-------------------------+-------+-------++-------
Melee: Unarmed           |    12 |       ||    12
       Kick              |    11 |    11 ||    22
       Peck              |     5 |     7 ||    12
       Short sword       |    40 |    11 ||    51
       Dagger            |     6 |    30 ||    36
 Cast: Pain              |    26 |    18 ||    44
       Animate Skeleton  |     1 |     2 ||     3
       Vampiric Draining |       |     6 ||     6
  Use: Scroll            |     2 |     9 ||    11
       Potion            |       |     1 ||     1
 Stab: Sleeping          |     6 |     3 ||     9
Armor: Robe              |    15 |     9 ||    24
Dodge: Dodged            |    52 |    39 ||    91

Table legend: (Time is in decaauts)
 A = Elapsed time spent in this place.
 B = Non-inter-level travel time spent in this place.
 C = Inter-level travel time spent in this place.
 D = Time resting spent in this place.
 E = Time spent auto-exploring this place.
 F = Levels seen in this place.
 G = Mean time per level.
                   A        B        C        D        E       F      G
               +--------+--------+--------+--------+--------+-----+--------+
         Total |   3120 |   3037 |     83 |    981 |   1451 |   3 | 1040.0 |
       Dungeon |   3120 |   3037 |     83 |    981 |   1451 |   3 | 1040.0 |
               +--------+--------+--------+--------+--------+-----+--------+

Top non-repeatable levels by time:
     D:1: 1388 daAuts
     D:2: 1085 daAuts
     D:3: 646 daAuts
